 Dungeon Crawl Stone Soup version 0.32-a0-886-g41c5271027 (webtiles) character file.

Game seed: 3163216990515747998

4 ragingrage the Charlatan (level 1, -2/17 HPs)
             Began as a Djinni Artificer on Apr 3, 2024.
             Slain by a dart slug (3 damage)
             ... on level 1 of the Dungeon.
             The game lasted 00:00:18 (154 turns).

ragingrage the Charlatan (Djinni Artificer)          Turns: 154, Time: 00:00:18

Health: -2/17      AC:  4    Str: 11    XL:     1   Next: 77%
Gold:   0          EV: 10    Int: 12    God:
                   SH:  0    Dex: 13

rFire   + + .        a - +0 club
rCold   x . .        (no shield)
rNeg    . . .        b - +0 leather armour
rPois   ∞            (no helmet)
rElec   .            (no cloak)
rCorr   .            h - +0 pair of gloves
SInv    .            (boots unavailable)
Will    .....        (no amulet)
Stlth   +            (no ring)
HPRegen 0.22/turn    (no ring)
MPRegen 0.00/turn

%: infuse magic (-3 HP)
@: flying
A: sickness immunity, fire resistance 2, cold vulnerability 1, float, innate
caster, HP casting, extra vitality 1
a: no special abilities


You were on level 1 of the Dungeon.
You visited 1 branch of the dungeon, and saw 1 of its levels.

Inventory:

Hand Weapons
 a - a +0 club (weapon)
Armour
 b - a +0 leather armour (worn)
 h - a +0 pair of gloves (worn)
Wands
 c - a wand of flame (13) (quivered)
 d - a wand of charming (15)
 e - a wand of iceblast (5)
Scrolls
 i - a scroll of teleportation {unknown}
Potions
 f - a potion of curing {unknown}
 g - a potion of attraction {unknown}


   Skills:
 - Level 1.0 Fighting
 - Level 1.0 Armour
 - Level 2.1 Dodging
 + Level 1.4 Stealth
 - Level 3.0 Evocations You didn't know any spells. Your spell library was empty.

Dungeon Overview and Level Annotations

Branches:
Dungeon (1/15)

Altars:


Innate Abilities, Weirdness & Mutations

You are immune to sickness and miasma.
You are immune to poison.
Your flesh is very heat resistant. (rF++)
You are vulnerable to cold. (rC-)
You float through the air rather than walking.
You learn spells naturally, not from books.
Your magical power is your life essence.
You have superior vitality. (+4 MHP)


Message History

Things that are here:
a +0 club; 3 stones; a kobold corpse
i - a scroll labelled KAYHAC MAMA As you open the door, it creaks loudly!
A kobold comes into view. It is wielding a +0 short sword.
The kobold shouts!
There is an open door here.
A kobold is nearby!
A dart slug comes into view.
The dart slug launches a dart at you. The slug dart misses you.
The kobold attacks as it pursues you! The kobold closely misses you.
There is an open door here.
You hit the kobold but do no damage. The kobold misses you.
The kobold hits you but does no damage.
You hit the kobold.
The kobold hits you with a +0 short sword.
You barely miss the kobold.
The kobold hits you with a +0 short sword.
You barely miss the kobold. The kobold barely misses you.
The kobold closely misses you.
You hit the kobold.
You kill the kobold!
The dart slug launches a dart at you. The slug dart hits you.
The dart slug launches a dart at you. The slug dart hits you.
* * * LOW HITPOINT WARNING * * *
There is an open door here.
You see here a +0 short sword.
You are too injured to fight recklessly!
The dart slug bites you.
* * * LOW HITPOINT WARNING * * *
You hit the dart slug. The dart slug barely misses you.
You hit the dart slug. The dart slug launches a dart at you.
The slug dart hits you.
* * * LOW HITPOINT WARNING * * *
You hit the dart slug. The dart slug bites you.
You die...

#.......#... ####P
#....... ..###....
#....... ..##.####
#....#.# .##.##...
#....#.##.#.##..##
#....#....#.#.##[.
###)#.....##.#.#P.#
#...#####)#P.#.##.P
#.@.+ #.##.#....#
#w..# #..#.# ###.
.....# #..#.###...
.......#
#..##...###
###.....#
#...##P##.. #.....#
#.#..###<.# #.....#
.#.##..#####
.......
..........#..
....#####....


You could see a dart slug.

Vanquished Creatures
  2 hobgoblins (D:1)
  2 kobolds (D:1)
4 creatures vanquished.

Notes
Turn   | Place    | Note
-------+----------+-------------------------------------------
     0 | D:1      | ragingrage the Djinni Artificer began the quest for the
                  | Orb.
     0 | D:1      | Reached XP level 1. HP: 17/17 MP: 0/0
    95 | D:1      | Reached skill level 1 in Stealth
   154 | D:1      | Slain by a dart slug

Illustrated notes

Levels and vault maps discovered:
D:1:      nagdon_arrival_double_spiral, layout_basic

Skill      XL: |  1 |
---------------+----+-----
Stealth        | 1 |  1.4
Fighting       | |  1.0
Armour         | |  1.0
Dodging        | |  2.1
Evocations     | |  3.0

Action                     || total
---------------------------++-------
  Melee: Club              ||    19
  Evoke: Wand              ||     2
 Armour: Leather armour    ||    14
  Dodge: Dodged            ||    12

Table legend: (Time is in decaauts)
 A = Elapsed time spent in this place.
 B = Non-inter-level travel time spent in this place.
 C = Inter-level travel time spent in this place.
 D = Time resting spent in this place.
 E = Time spent auto-exploring this place.
 F = Levels seen in this place.
 G = Mean time per level.
                   A        B        C        D        E       F      G
               +--------+--------+--------+--------+--------+-----+--------+
         Total |    160 |    160 |      0 |     19 |     87 |   1 |  160.0 |
       Dungeon |    160 |    160 |      0 |     19 |     87 |   1 |  160.0 |
               +--------+--------+--------+--------+--------+-----+--------+

Top non-repeatable levels by time:
     D:1: 160 daAuts
